 Dungeon Crawl Stone Soup version 0.26-a0-1033-gd598b01645 (webtiles) character file.

Game seed: 10372187284016160084

15922 robertstho the Whirler (level 12, -4/87 HPs)
             Began as a Halfling Hunter on Dec 10, 2020.
             Was a High Priest of Okawaru.
             Slain by Fannar
             ... wielding an uncursed staff of cold
              (16 damage)
             ... on level 12 of the Dungeon.
             The game lasted 00:25:07 (11019 turns).

robertstho the Whirler (Halfling Hunter)           Turns: 11019, Time: 00:25:08

Health: -4/87      AC: 27    Str: 15    XL:     12   Next: 63%
Magic:  18/18      EV: 12    Int:  9    God:    Okawaru [*****.]
Gold:   560        SH:  0    Dex: 18    Spells: 11/11 levels left

rFire    . . .     SeeInvis .   n - +0 fustibalus
rCold    . . .     Faith    .   (shield restricted)
rNeg     . . .     Spirit   .   F - +4 plate armour of Ikett {Stlth+}
rPois    .         Reflect  .   N - +2 helmet of Lovvymot {Rampage}
rElec    .         Harm     .   (no cloak)
rCorr    .         Rampage  +   (no gloves)
Will     .....                  (no boots)
Stlth    ..........             x - amulet of the acrobat
HPRegen  0.24/turn              D - +4 ring of protection
MPRegen  0.16/turn              y - +4 ring of slaying

@: heroism
A: small, mutation resistance 1
a: Heroism, Finesse, Renounce Religion


You were on level 12 of the Dungeon.
You worshipped Okawaru.
Okawaru was extremely pleased with you.
You visited 2 branches of the dungeon, and saw 13 of its levels.

You collected 780 gold pieces.
You spent 220 gold pieces at shops.

Inventory:

Hand Weapons
 h - a +1 whip of freezing
 n - a +0 fustibalus (weapon)
 H - a +5 long sword
Missiles
 d - 158 sling bullets (quivered ammo)
 j - 178 stones
Armour
 r - a +2 leather armour of poison resistance
 F - the +4 plate armour of Ikett (worn) {Stlth+}
   (You found it on level 10 of the Dungeon)

   It makes you more stealthy.
 I - a +1 hat
 N - the +2 helmet of Lovvymot (worn) {Rampage}
   (Okawaru gifted it to you on level 11 of the Dungeon)

   It bestows one free step when moving towards enemies.
Jewellery
 b - the ring of Hyxaicw {+Blink +Fly Str+3 Int+6 Dex-4}
   (You bought it in a shop on level 5 of the Dungeon)

   [ring of flight]

   It affects your strength (+3).
   It affects your intelligence (+6).
   It affects your dexterity (-4).
   It lets you fly.
   It lets you blink.
 c - an uncursed ring of protection from fire
 u - an uncursed ring of positive energy
 x - an amulet of the acrobat (around neck)
 y - a +4 ring of slaying (right hand)
 D - a +4 ring of protection (left hand)
 J - the amulet "Qeibi" {Inacc Str+4, unknown}
   (You found it on level 11 of the Dungeon)

   [amulet of inaccuracy]

   It reduces the accuracy of all your attacks.
   It affects your strength (+4).
Wands
 p - a wand of iceblast (5)
 q - a wand of polymorph (14)
 E - a wand of paralysis (6)
 G - a wand of digging (5)
 M - a wand of acid (5)
Scrolls
 i - 6 scrolls of enchant weapon
 o - 3 scrolls of fear
 t - 2 scrolls of immolation
 w - 2 scrolls of remove curse
 z - a scroll of blinking
 A - 3 scrolls of magic mapping
 B - 2 scrolls of teleportation
 C - 4 scrolls of identify
 L - a scroll of fog
Potions
 a - a potion of magic
 e - a potion of flight
 f - 6 potions of degeneration
 g - 3 potions of attraction
 k - 4 potions of curing
 l - a potion of brilliance
 m - a potion of haste
 s - 3 potions of invisibility
 v - 2 potions of ambrosia
 K - a potion of resistance


   Skills:
 + Level 9.7(14.7) Fighting
 + Level 17.9(22.9) Slings
 * Level 7.3(12.3) Armour
 + Level 3.5(8.5) Dodging
 + Level 2.4(7.4) Stealth
 * Level 8.1 Invocations
 + Level 0.9 Evocations


You had 11 spell levels left.
You didn't know any spells.
Your spell library contained the following spells:

 Spells                   Type           Power        Failure   Level
 Magic Dart               Conj           #...         100%        1
 Searing Ray              Conj           #.....       100%        2
 Dazzling Flash           Conj/Hex       #.....       100%        3
 Fulminant Prism          Conj/Hex       #.........   100%        4
 Iskenderun's Mystic Bla  Conj/Tloc      #.......     100%        4


Dungeon Overview and Level Annotations

Branches:
Dungeon (12/15)            Temple (1/1) D:4            Lair (0/6) D:11
    Orc (0/2) D:9

Altars:
Ashenzari
Cheibriados
Dithmenos
Elyvilon
Fedhas
Gozag
Hepliaklqana
Kikubaaqudgha
Makhleb
Nemelex Xobeh
Okawaru
Qazlal
Ru
Sif Muna
Trog
Uskayaw
Vehumet
Wu Jian
Xom
Yredelemnul
Zin
The Shining One

Shops:
D:5 *

Annotations:
D:12 Fannar


Innate Abilities, Weirdness & Mutations

You are small and have problems with some larger weapons.
You are somewhat resistant to further mutation.


Message History

Evoke which item? (* to show all) (? for menu, Esc to quit)
Aiming: Corrosive Bolt
Press: ? - help, Shift-Dir - straight line, f/p - Fannar
Aim: Fannar, wielding a staff of cold and wearing a +1 robe of cold resistance (almost dead, covered in an icy film, 47% to evade)
The bolt of acid misses Fannar.
Fannar hits you but does no damage. Fannar freezes you!
* * * LOW HITPOINT WARNING * * *
Evoke which item? (* to show all) (? for menu, Esc to quit)
Aiming: Corrosive Bolt
Press: ? - help, Shift-Dir - straight line, f/p - Fannar
Aim: Fannar, wielding a staff of cold and wearing a +1 robe of cold resistance (almost dead, covered in an icy film, 47% to evade)
The bolt of acid misses Fannar.
Unknown command.
Evoke which item? (* to show all) (? for menu, Esc to quit)
Aiming: Corrosive Bolt
Press: ? - help, Shift-Dir - straight line, f/p - Fannar
Aim: Fannar, wielding a staff of cold and wearing a +1 robe of cold resistance (almost dead, covered in an icy film, 47% to evade)
The bolt of acid misses Fannar.
Fannar hits you but does no damage. Fannar freezes you!
You die...

### ### #.#####.#
#.......# #.#####.#
#.# #.# ########## #.#
#.# #.Y.((...#####.#
#..
#.###e)(((...#.#######
#)# #@##.###.#........
#Y# #.#..>.#(#########
#O# #.#..#...#.. ..##
)e. #.#......#.# #.#.
(#.#.#.#......#.# #.#.
Oe#.#.#.#.#....#.#
#.#. (# #.#
#.#.#....#.# #.#. (.
.(# #.#.#..###.####.#.
$( ###
#.#.............#.


You could see Fannar (icy armour).

Vanquished Creatures
  Gastronok (D:8)
  An ogre mage (D:12)
  4 two-headed ogres (D:12)
  Pikel (D:4)
  2 cyclopes (D:11)
  Maurice (D:9)
  A gargoyle (D:10)
  Psyche (D:9)
  2 trolls
  Prince Ribbit (D:7)
  A hornet (D:11)
  A vampire (D:9)
  Eustachio (D:4)
  A human (D:9)
  21 yaks
  A steam dragon (D:9)
  4 wargs
  3 sky beasts
  2 ice beasts (D:11)
  3 black bears (D:10)
  2 orc warriors
  A necrophage (D:7)
  7 ogres
  2 lemures (D:4)
  7 bullfrogs
  A big kobold (D:8)
  A gnoll sergeant (D:6)
  2 scorpions
  5 wights (D:8)
  2 electric eels (D:10)
  2 howler monkeys (D:10)
  2 centaur zombies
  6 hounds
  4 jellies
  10 orc priests
  8 orc wizards
  Jessica (D:3)
  5 iguanas
  4 worker ants
  A hound skeleton (D:4)
  2 worker ant zombies
  8 gnolls
  11 adders
  3 white imps
  An ufetubus (D:9)
  An adder skeleton (D:6)
  4 worms
  3 dart slugs
  4 leopard geckos
  38 orcs
  3 bats
  7 giant cockroaches
  5 goblins
  7 hobgoblins
  12 jackals
  4 quokkas
  3 ball pythons
  2 frilled lizards
  11 kobolds
  A leopard gecko skeleton (D:7)
  A quokka skeleton (D:4)
  5 rats
262 creatures vanquished.

Vanquished Creatures (others)
  A plant (D:11)
1 creature vanquished.

Grand Total: 263 creatures vanquished

Notes
Turn   | Place    | Note
-------+----------+-------------------------------------------
     0 | D:1      | robertstho the Halfling Hunter began the quest for the Orb.
     0 | D:1      | Reached XP level 1. HP: 14/14 MP: 1/1
    29 | D:1      | Reached skill level 6 in Slings
    98 | D:1      | Reached XP level 2. HP: 19/19 MP: 2/2
   226 | D:1      | Reached XP level 3. HP: 15/24 MP: 3/3
   422 | D:1      | Found a sparkling altar of Nemelex Xobeh.
   537 | D:1      | Reached skill level 7 in Slings
   941 | D:2      | Reached XP level 4. HP: 29/29 MP: 4/4
  1909 | D:3      | Noticed Jessica
  1924 | D:3      | Killed Jessica
  1925 | D:3      | Reached skill level 8 in Slings
  1925 | D:3      | Reached XP level 5. HP: 34/34 MP: 5/5
  2017 | D:4      | Noticed Pikel
  2017 | D:4      | Noticed a lemure
  2017 | D:4      | Noticed a lemure
  2019 | D:4      | Noticed a lemure
  2027 | D:4      | Killed a lemure
  2383 | D:4      | Found a stormy altar of Qazlal.
  2436 | D:4      | Found a staircase to the Ecumenical Temple.
  2454 | Temple   | Entered the Ecumenical Temple
  2555 | D:4      | Killed a lemure
  2556 | D:4      | Noticed a lemure
  2586 | D:4      | Killed Pikel
  2587 | D:4      | Reached skill level 10 in Slings
  2587 | D:4      | Reached XP level 6. HP: 25/42 MP: 6/6
  2587 | D:4      | Reached XP level 7. HP: 28/46 MP: 7/7
  3109 | D:4      | Noticed Eustachio
  3124 | D:4      | Killed Eustachio
  3125 | D:4      | Reached skill level 11 in Slings
  3125 | D:4      | Reached XP level 8. HP: 53/53 MP: 8/8
  3353 | D:5      | Entered Level 5 of the Dungeon
  3366 | D:5      | Found Gauplogo's Assorted Antiques.
  3374 | D:5      | Bought a smoking pewter ring for 110 gold pieces
  3374 | D:5      | Bought a potion of heal wounds for 110 gold pieces
  3375 | D:5      | Identified the ring of Hyxaicw {+Blink +Fly Str+3 Int+6
                  | Dex-4} (You bought it in a shop on level 5 of the Dungeon)
  4630 | D:6      | Reached skill level 12 in Slings
  5150 | D:6      | Reached XP level 9. HP: 59/59 MP: 9/9
  5491 | D:7      | Reached skill level 13 in Slings
  5518 | D:7      | Found an iron altar of Okawaru.
  5527 | D:7      | Became a worshipper of Warmaster Okawaru
  5718 | D:7      | Noticed Prince Ribbit
  5739 | D:7      | Killed Prince Ribbit
  5740 | D:7      | Reached skill level 1 in Invocations
  5828 | D:7      | Reached skill level 5 in Fighting
  6211 | D:8      | Reached * piety under Okawaru
  6380 | D:8      | Noticed Gastronok
  6397 | D:8      | Killed Gastronok
  6397 | D:8      | Reached ** piety under Okawaru
  6398 | D:8      | Reached skill level 15 in Slings
  6398 | D:8      | Reached skill level 5 in Invocations
  6398 | D:8      | Reached XP level 10. HP: 43/69 MP: 10/13
  6641 | D:8      | Reached *** piety under Okawaru
  6987 | D:9      | Found a hide-covered altar of Uskayaw.
  7046 | D:9      | Noticed Psyche
  7056 | D:9      | Killed Psyche
  7563 | D:9      | Reached **** piety under Okawaru
  7564 | D:9      | Reached skill level 16 in Slings
  7594 | D:9      | Reached XP level 11. HP: 56/75 MP: 12/15
  7795 | D:9      | Found a staircase to the Orcish Mines.
  7930 | D:9      | Found a burning altar of Makhleb.
  7930 | D:9      | Noticed a blizzard demon
  8006 | D:9      | Received a gift from Okawaru
  8127 | D:9      | Noticed Maurice
  8437 | D:9      | Found a glowing silver altar of Zin.
  8437 | D:9      | Found a shimmering altar of Xom.
  8442 | D:9      | Found a blossoming altar of Fedhas.
  8444 | D:9      | Found a radiant altar of Vehumet.
  8445 | D:9      | Found a bloodstained altar of Trog.
  8532 | D:9      | Paralysed by something for 5 turns
  8541 | D:9      | Killed Maurice
  8542 | D:9      | Reached skill level 5 in Armour
  8724 | D:10     | Entered Level 10 of the Dungeon
  8821 | D:10     | Got a glimmering plate armour
  8972 | D:10     | Received a gift from Okawaru
  9407 | D:10     | Identified the +4 plate armour of Ikett {Stlth+} (You found
                  | it on level 10 of the Dungeon)
  9440 | D:11     | Noticed a cyclops
  9444 | D:11     | Noticed a cyclops
  9471 | D:11     | Killed a cyclops
  9471 | D:11     | Reached ***** piety under Okawaru
  9480 | D:11     | Killed a cyclops
  9481 | D:11     | Reached skill level 17 in Slings
  9653 | D:11     | Received a gift from Okawaru
  9829 | D:11     | Got a scintillating zirconium amulet
  9846 | D:11     | Reached XP level 12. HP: 77/84 MP: 17/17
  9930 | D:11     | Found a staircase to the Lair.
 10122 | D:11     | Received a gift from Okawaru
 10125 | D:11     | Got a masterwork helmet {god gift}
 10135 | D:11     | Identified the +2 helmet of Lovvymot {Rampage} (Okawaru
                  | gifted it to you on level 11 of the Dungeon)
 10622 | D:12     | Noticed a two-headed ogre
 10623 | D:12     | Noticed an ogre mage
 10624 | D:12     | Noticed a two-headed ogre
 10624 | D:12     | Noticed a two-headed ogre
 10631 | D:12     | Noticed Fannar
 10634 | D:12     | Noticed a two-headed ogre
 10637 | D:12     | Killed an ogre mage
 10642 | D:12     | Killed a two-headed ogre
 10647 | D:12     | Killed a two-headed ogre
 10662 | D:12     | Killed a two-headed ogre
 11001 | D:12     | Killed a two-headed ogre
 11019 | D:12     | Slain by Fannar

Illustrated notes

Levels and vault maps discovered:
D:1:      lightli_arrival_isolated_outpost, layout_rooms, nemelex_altar_shiori
D:2:      layout_loops_ring, feat_on_display
D:3:      minmay_wonky_spiral, layout_basic, uniq_jessica
D:4:      layout_loops_cross, kennysheep_little_box,
          minmay_temple_entry_slanted, uniq_pikel, uniq_eustachio
D:5:      layout_loops_corners, serial_co_window_serial,
          co_window_of_opportunity_a, co_window_cross_1, co_window_paths_b,
          co_window_paths_a, co_window_paths_a, co_window_unsneaky_path_d,
          co_window_corner_b, co_window_of_opportunity_b, co_window_corner_cb,
          co_window_cross_3, co_window_2corner, co_window_unsneaky_path_c,
          co_window_4corner_a, serial_shops, shop
D:6:      layout_loops_ring, st_stairs_5
D:7:      layout_loops_ring, okawaru_ov_weapons_minmay, uniq_prince_ribbit1
D:8:      layout_rooms, uniq_gastronok
D:9:      layout_stronghold, eat_drink_and_be_merry_uskayaw,
          makhleb_altar_promises_db, chequers_temple_overflow_minitemple,
          erik_orc_4, uniq_maurice, uniq_psyche
D:10:     layout_big_octagon, serial_park, serial_park_tiny_pond,
          serial_park_fountain, serial_park_square2, serial_park_square3
          [serial_park_minivault_5x5_3]
D:11:     layout_basic, erik_lair_orcish_takeover
D:12:     layout_basic, serial_curves, eino_curves_03, eino_curves_03,
          grunt_decor_fettered, kb_lookout_dungeons_type, uniq_fannar
Temple:   nicolae_temple_hex_pool

Skill      XL: |  1  2  3  4  5  6  7  8  9 10 11 12 |
---------------+-------------------------------------+-----
Slings         | 6 7 8 10 11 12 15 16 17 | 17.9
Fighting       | 2 3 4 6 7 8 9 |  9.7
Armour         | 2 3 4 5 7 |  7.3
Dodging        | 3 |  3.5
Stealth        | 2 |  2.4
Invocations    | 5 7 8 |  8.1
Evocations     | |  0.9

Action                   |  1- 3 |  4- 6 |  7- 9 | 10-12 || total
-------------------------+-------+-------+-------+-------++-------
Melee: Short sword       |     1 |       |       |       ||     1
 Fire: Hunting sling     |   107 |   141 |    46 |       ||   294
       Fustibalus        |       |       |   231 |   576 ||   807
Invok: Heroism           |       |       |     1 |     7 ||     8
Evoke: Wand              |       |     2 |       |     6 ||     8
  Use: Potion            |       |     8 |       |     2 ||    10
       Scroll            |       |     4 |     7 |     6 ||    17
Armor: Leather armour    |     8 |     5 |     6 |       ||    19
       Skin              |       |    17 |       |       ||    17
       Chain mail        |       |       |     2 |    23 ||    25
       Plate armour      |       |       |       |    46 ||    46
Dodge: Dodged            |    40 |    29 |    41 |    79 ||   189

Table legend: (Time is in decaauts)
 A = Elapsed time spent in this place.
 B = Non-inter-level travel time spent in this place.
 C = Inter-level travel time spent in this place.
 D = Time resting spent in this place.
 E = Time spent auto-exploring this place.
 F = Levels seen in this place.
 G = Mean time per level.
                   A        B        C        D        E       F      G
               +--------+--------+--------+--------+--------+-----+--------+
         Total |  10731 |  10323 |    408 |    966 |   7719 |  13 |  825.5 |
       Dungeon |  10649 |  10247 |    402 |    966 |   7643 |  12 |  887.4 |
        Temple |     82 |     76 |      6 |      0 |     76 |   1 |   82.0 |
               +--------+--------+--------+--------+--------+-----+--------+

Top non-repeatable levels by time:
     D:9: 1463 daAuts
     D:5: 1254 daAuts
     D:8: 1020 daAuts
     D:4: 975 daAuts
    D:11: 972 daAuts
     D:3: 941 daAuts
     D:6: 847 daAuts
    D:10: 802 daAuts
     D:1: 671 daAuts
     D:7: 658 daAuts
     D:2: 625 daAuts
    D:12: 415 daAuts
  Temple: 82 daAuts
